 Dungeon Crawl Stone Soup version 0.30-a0-439-g9e77e4d916 (webtiles) character file.

Game seed: 5798558282425865158

98 p00ps00p the Trooper (level 4, -4/41 HPs)
             Began as a Hill Orc Fighter on Dec 11, 2022.
             Slain by an ogre
             ... wielding a +0 giant club
              (32 damage)
             ... on level 4 of the Dungeon.
             The game lasted 00:02:19 (2116 turns).

p00ps00p the Trooper (Hill Orc Fighter)             Turns: 2116, Time: 00:02:20

Health: -4/41      AC:  9    Str: 20    XL:     4   Next: 69%
Magic:  4/4        EV:  6    Int:  8    God:
Gold:   150        SH:  8    Dex: 10    Spells: 3/3 levels left

rFire   . . .      SeeInvis .    a - +1 war axe
rCold   . . .      Faith    .    j - +0 kite shield
rNeg    . . .      Spirit   .    i - +0 chain mail
rPois   .          Reflect  .    (no helmet)
rElec   .          Harm     .    (no cloak)
rCorr   .          Rampage  .    (no gloves)
Will    +....                    (no boots)
Stlth   ..........               (no amulet)
HPRegen 0.26/turn                f - ring of willpower
MPRegen 0.09/turn                (no ring)

@: lethally poisoned (-4 -> -15)
A: no striking features
a: no special abilities


You were on level 4 of the Dungeon.
You visited 1 branch of the dungeon, and saw 4 of its levels.

You collected 150 gold pieces.

Inventory:

Hand Weapons
 a - a +1 war axe (weapon)
Missiles
 g - 5 curare-tipped darts (quivered)
Armour
 i - a +0 chain mail (worn)
 j - a +0 kite shield (worn)
Jewellery
 f - a ring of willpower (left hand)
Scrolls
 e - 2 scrolls of silence
 l - a scroll of fear {unknown}
 m - 2 scrolls of noise {unknown}
 n - a scroll of teleportation {unknown}
Potions
 b - 2 potions of flight
 c - 3 potions of heal wounds
 d - a potion of might
 h - a potion of invisibility
 k - a potion of mutation {unknown}


   Skills:
 + Level 4.4 Fighting
 + Level 4.0 Axes
 + Level 4.0 Armour
 + Level 4.0 Shields


You had 3 spell levels left.
You didn't know any spells.
Your spell library contained the following spells:

 Spells                   Type           Power      Damage    Failure   Level
 Portal Projectile        Hex/Tloc       0%         N/A       100%        3
 Tukima's Dance           Hex            0%         N/A       100%        3
 Blade Hands              Tmut           0%         N/A       100%        5


Dungeon Overview and Level Annotations

Branches:
Dungeon (3/15)

Altars:


Message History

The quokka is almost dead.
The quokka twitches its whiskers.
You block the quokka's attack.
You slash the quokka!
You kill the quokka!
Your Axes skill increases to level 4!
No target in view!
No target in view!
No target in view!
No target in view!
No target in view!
No target in view!
No target in view!
No target in view!
No target in view!
You see here a quokka corpse.
c - 3 potions of heal wounds (gained 1)
A kobold comes into view. It is wielding a +1 dagger of venom.
The kobold shouts!
You hear a shout!
A kobold is nearby!
A kobold is nearby!
A kobold is nearby!
An ogre comes into view. It is wielding a +0 giant club.
The ogre shouts!
A kobold comes into view.
It is wielding a +0 whip and quivering poisoned darts.
Found 10 gold pieces.
The kobold hits you with a +1 dagger of venom.
You are poisoned.
You completely miss the kobold.
You feel very sick.
The kobold hits you with a +1 dagger of venom.
You are more poisoned.
The kobold throws a poisoned dart.
You block the poisoned dart.
You hit the ogre.
The ogre is lightly wounded.
You barely miss the kobold.
You feel very sick.
The ogre hits you with a +0 giant club!!
Ouch! That really hurt!
You die...

...............
...............
............... #+
............. ...
$..K...... .... ......#
....########.OK.#
..............@.####.
......................
......................
......................
#.........##.........
#...).....##.........
#.........##.........
..#......#####.........
..#......#............


You could see an ogre and 2 kobolds.

Vanquished Creatures
  An iguana (D:4)
  An adder (D:3)
  2 dart slugs (D:1)
  3 orcs (D:3)
  4 ball pythons
  11 bats
  2 endoplasms
  A giant cockroach (D:3)
  8 goblins
  2 hobgoblins
  6 jackals (D:2)
  3 quokkas
  A frilled lizard (D:2)
  2 kobolds (D:2)
  6 rats
53 creatures vanquished.

Notes
Turn   | Place    | Note
-------+----------+-------------------------------------------
     0 | D:1      | p00ps00p the Hill Orc Fighter began the quest for the Orb.
     0 | D:1      | Reached XP level 1. HP: 19/19 MP: 1/1
    57 | D:1      | Reached XP level 2. HP: 17/27 MP: 2/2
   381 | D:1      | Reached XP level 3. HP: 31/33 MP: 3/3
   506 | D:1      | Found a faded altar of an unknown god.
  1812 | D:3      | Reached XP level 4. HP: 32/40 MP: 4/4
  2052 | D:3      | You fall into a shaft and drop 1 floor!
  2112 | D:4      | Noticed an ogre
  2116 | D:4      | Slain by an ogre

Illustrated notes

Levels and vault maps discovered:
D:1:      minmay_arrival_shoal_huts, layout_basic,
          nicolae_ecumenical_lake_church, chequers_serial_rivers_large_b
D:2:      layout_loops_ring
D:3:      layout_loops_ring, dk_noncrumbling_2
D:4:      layout_basic

Skill      XL: |  1  2  3  4 |
---------------+-------------+-----
Axes           | 3 4 |  4.0
Fighting       | 4 |  4.4
Armour         | 4 |  4.0
Shields        | 4 |  4.0

Action                   |  1- 3 |  4- 6 || total
-------------------------+-------+-------++-------
Melee: War axe           |    99 |    31 ||   130
  Use: Scroll            |     8 |       ||     8
Armor: Scale mail        |    32 |       ||    32
       Chain mail        |    45 |    15 ||    60
Dodge: Dodged            |    51 |     8 ||    59
Block: Buckler           |    12 |       ||    12
       Kite shield       |    28 |    14 ||    42

Table legend: (Time is in decaauts)
 A = Elapsed time spent in this place.
 B = Non-inter-level travel time spent in this place.
 C = Inter-level travel time spent in this place.
 D = Time resting spent in this place.
 E = Time spent auto-exploring this place.
 F = Levels seen in this place.
 G = Mean time per level.
                   A        B        C        D        E       F      G
               +--------+--------+--------+--------+--------+-----+--------+
         Total |   2202 |   2152 |     50 |    131 |   1602 |   4 |  550.5 |
       Dungeon |   2202 |   2152 |     50 |    131 |   1602 |   4 |  550.5 |
               +--------+--------+--------+--------+--------+-----+--------+

Top non-repeatable levels by time:
     D:1: 884 daAuts
     D:2: 720 daAuts
     D:3: 530 daAuts
     D:4: 67 daAuts
